 Dungeon Crawl Stone Soup version 0.22.1-1-ga44c0e56f4 (webtiles) character file.

76245 Ihlosi the Warrior (level 15, -1/180 HPs)
             Began as an Ogre Fighter on Oct 31, 2018.
             Was a High Priest of Okawaru.
             Blown up by an eye of devastation (15 damage)
             ... with a bolt of energy
             ... on level 6 of the Lair of Beasts.
             The game lasted 01:54:43 (25977 turns).

Ihlosi the Warrior (Ogre Fighter)                  Turns: 25977, Time: 01:54:43

Health: -1/180     AC: 26    Str: 26    XL:     15   Next: 52%
Magic:  18/21      EV:  3    Int: 10    God:    Okawaru [*****.]
Gold:   759        SH:  0    Dex: 12    Spells: 20/22 levels left

rFire    + + .     SeeInvis .   c - +4 giant spiked club (crush)
rCold    + + .     Gourm    .   (shield currently unavailable)
rNeg     . . .     Faith    .   s - +4 gold dragon scales
rPois    +         Spirit   .   q - +0 hat {MR+}
rElec    .         Reflect  +   G - +1 cloak
rCorr    .         Harm     .   (gloves unavailable)
MR       ++...                  (boots unavailable)
Stlth    ..........             y - +4 amulet of reflection
HPRegen  0.40/turn              u - ring of stealth
MPRegen  0.17/turn              C - ring "Omimp" {+Fly rF+ rC+}

@: about to teleport, petrifying (expiring), very slow
A: large, unfitting armour, strong 1, tough skin 1, sturdy frame 1
a: Heroism, Finesse, Renounce Religion, Evoke Flight


You were on level 6 of the Lair of Beasts.
You worshipped Okawaru.
Okawaru was extremely pleased with you.
You were not hungry.

You visited 4 branches of the dungeon, and saw 20 of its levels.
You also visited: Labyrinth.

You collected 1980 gold pieces.
You spent 1221 gold pieces at shops.

Inventory:

Hand Weapons
 a - a +0 mace of protection
 b - a +2 war axe of electrocution
 c - a +4 giant spiked club of crushing (weapon)
 B - the +9 flail of Valour {crush, MR- Int+4 Dex+3}
   (You bought it in a shop on level 2 of the Orcish Mines)

   It inflicts extra damage upon your enemies.
   It affects your intelligence (+4).
   It affects your dexterity (+3).
   It affects your resistance to hostile enchantments.
Armour
 i - a +1 robe of magic resistance
 m - a +1 robe of the Archmagi
 o - a +2 robe of positive energy
 q - a +0 hat of magic resistance (worn)
 r - a +0 large shield
 s - +4 gold dragon scales (worn)
 w - a +1 hat of intelligence
 E - a +2 robe of positive energy
 G - a +1 cloak (worn)
Jewellery
 e - an uncursed amulet of guardian spirit
 u - a ring of stealth (left hand)
 y - a +4 amulet of reflection (around neck)
 C - the ring "Omimp" (right hand) {+Fly rF+ rC+}
   (You acquired it on level 3 of the Lair of Beasts)

   [ring of protection from fire]

   It protects you from fire.
   It protects you from cold.
   It lets you fly.
 F - the amulet "Qacrock" {+Rage Str+3 Int+3 SInv}
   (You acquired it on level 3 of the Lair of Beasts)

   [amulet of rage]

   It affects your strength (+3).
   It affects your intelligence (+3).
   It lets you see invisible.
   It lets you go berserk.
 H - an uncursed amulet of magic regeneration {unknown}
 R - an uncursed ring of protection from magic
Wands
 x - a wand of polymorph (13)
 K - a wand of enslavement (13)
 M - a wand of scattershot (5)
 N - a wand of paralysis (59)
 O - a wand of flame (33)
 P - a wand of acid (10)
 Q - a wand of iceblast (10)
Scrolls
 g - 2 scrolls of teleportation
 k - 7 scrolls of identify
 l - 7 scrolls of remove curse
 n - 3 scrolls of magic mapping
 v - 3 scrolls of amnesia
 V - a scroll of noise
 W - 4 scrolls of blinking
Potions
 d - a potion of ambrosia
 h - 2 potions of agility
 j - 6 potions of curing
 p - a potion of berserk rage
 t - 2 potions of heal wounds
 z - 7 potions of lignification
 A - 2 potions of magic
 D - 2 potions of flight
 J - a potion of invisibility
 Z - 3 potions of might
Miscellaneous
 T - a lamp of fire
Comestibles
 f - 26 rations
 I - 4 chunks of flesh


   Skills:
 - Level 19.0 Fighting
 + Level 12.7 Maces & Flails
 + Level 12.2 Armour
 - Level 3.0 Dodging
 - Level 3.0 Shields
 - Level 4.0 Spellcasting
 - Level 3.0 Translocations
 - Level 4.0 Invocations
 - Level 3.0 Evocations


You had 20 spell levels left.
You knew the following spells:

 Your Spells              Type           Power        Failure   Level  Hunger
a - Blink                 Tloc           N/A          89%         2    ##.....

Your spell library contained the following spells:

 Spells                   Type           Power        Failure   Level  Hunger
 Corona                   Hex            #......      99%         1    #......
 Freeze                   Ice            #...         99%         1    #......
 Magic Dart               Conj           #...         99%         1    #......
 Sandblast                Erth           #.....       99%         1    #......
 Call Imp                 Summ           #.......     100%        2    ##.....
 Ensorcelled Hibernation  Hex/Ice        #.....       100%        2    ##.....
 Passwall                 Tmut/Erth      #.......     100%        2    ##.....
 Searing Ray              Conj           #.....       100%        2    ##.....
 Slow                     Hex            #.......     100%        2    ##.....
 Song of Slaying          Chrm           #.......     100%        2    ##.....
 Throw Frost              Conj/Ice       #.....       100%        2    ##.....
 Confuse                  Hex            #.......     100%        3    ###....
 Conjure Flame            Conj/Fire      #.......     100%        3    ###....
 Dazzling Spray           Conj/Hex       #.....       100%        3    ###....
 Mephitic Cloud           Conj/Pois/Air  #.......     100%        3    ###....
 Ozocubu's Armour         Chrm/Ice       #.......     100%        3    ###....
 Spectral Weapon          Hex/Chrm       #.......     100%        3    ###....
 Stone Arrow              Conj/Erth      #.....       100%        3    ###....
 Tukima's Dance           Hex            #.......     100%        3    ###....
 Force Lance              Conj/Tloc      #.......     100%        4    #####..
 Fulminant Prism          Conj/Hex       #.........   100%        4    #####..
 Iskenderun's Mystic Bla  Conj           #.......     100%        4    #####..
 Petrify                  Tmut/Erth      #.......     100%        4    #####..
 Summon Ice Beast         Ice/Summ       #.......     100%        4    #####..
 Throw Icicle             Conj/Ice       #.......     100%        4    #####..
 Lee's Rapid Deconstruct  Erth           #.........   100%        5    ######.
 Freezing Cloud           Conj/Ice/Air   #.........   100%        6    #######
 Ring of Flames           Chrm/Fire      #.........   100%        7    #######


Dungeon Overview and Level Annotations

Branches:
Dungeon (11/15)            Temple (1/1) D:5            Lair (6/6) D:11
  Swamp (0/4) Lair:4        Snake (0/4) Lair:3        Slime (0/5) Lair:6
    Orc (2/2) D:11            Elf (0/3) Orc:2

Altars:
Ashenzari
Cheibriados
Dithmenos
Elyvilon
Fedhas
Gozag
Hepliaklqana
Kikubaaqudgha
Makhleb
Nemelex Xobeh
Okawaru
Qazlal
Ru
Sif Muna
Trog
Uskayaw
Vehumet
Wu Jian
Xom
Yredelemnul
Zin
The Shining One
Beogh

Shops:
D:7 !   Orc:2 (:!(?

Annotations:
D:8 Mapped
D:9 Mapped
Lair:3 3 runed doors, Peloso's ghost, journeyman MiFi


Innate Abilities, Weirdness & Mutations

You are too large for most types of armour.
You have tough skin. (AC +1)
Your muscles are strong. (Str +2)
Your movements are slightly less encumbered by armour. (ER -2)


Message History

You are engulfed in calcifying dust.
You are slowing down.
Your attacks no longer feel as feeble.
The fungus is no longer petrified.
A wyvern comes into view.
Your surroundings suddenly seem different.
An eye of devastation comes into view.
The eye of devastation turns its gaze towards you.
A crocodile comes into view.
An eye of draining comes into view.
The eye of draining gazes at you.
You feel your power leaking away.
An eye of draining comes into view.
The wyvern moves out of view.
Your limbs are stiffening.
Found a ration.
Found a staircase to the Slime Pits.
Unknown command.
As you read the scroll of teleportation, it crumbles to dust.
You feel strangely unstable. The eye of devastation gazes at you.
The bolt of energy hits you!
You die...

.##....
....#..... #
....# ..≈≈
≈...P#.....
...#.
..≈##≈....... ..
..≈≈P≈......P# #
##
..≈≈≈≈........##
###.##
.........P..P#..
..... .....
#....†.. #..#..#
#...<.. #.@.#
#...... #.....#
#....PP.
..t....#.#
##.#PP.#
.%....G.G. ..
#.######
P.#....>..#
#.....
##......... ...
#..#.....#.# ..
...##.....##


You could see an eye of devastation, an eye of draining and a crocodile.

Vanquished Creatures
  An orc warlord (Orc:2)
  A dire elephant (Lair:6)
  A minotaur (Lab)
  Erolcha (Orc:2)
  5 hydras
  A catoblepas (Lair:5)
  3 ogre magi (Orc:2)
  Nergalle (D:11)
  A sixfirhy (Lair:6)
  An unseen horror (D:11)
  2 orc knights
  9 orc sorcerers (Orc:2)
  A wizard (Lair:6)
  A manticore (D:11)
  5 black mambas
  11 elephants
  9 spiny frogs
  4 rime drakes
  3 orange demons (Lair:6)
  5 komodo dragons
  2 hellwings (D:9)
  2 redback zombies (D:9)
  2 trolls (Orc:2)
  5 polar bears (Lair:5)
  14 blink frogs
  7 hippogriffs
  7 dream sheep
  2 redbacks (Lab)
  A shadow (D:11)
  2 basilisks
  2 wyverns
  A hungry ghost (D:11)
  44 yaks
  Edmund (D:4)
  4 nagas (Lair:3)
  The ghost of Mercurio the Sneak, an amateur KoAs (D:3)
  3 wargs
  3 hell hounds (Lair:6)
  A soldier ant (D:11)
  An ice beast (D:5)
  17 water moccasins
  6 porcupines
  3 sky beasts
  23 orc warriors
  A black bear (D:9)
  3 phantoms
  A hornet zombie (D:11)
  5 necrophages
  15 ogres
  9 wolves
  A centaur (D:4)
  7 crocodiles
  A big kobold (D:11)
  13 bullfrogs
  A wyvern zombie (D:9)
  A water moccasin zombie (D:6)
  A wyvern skeleton (D:9)
  4 scorpions (D:11)
  3 killer bees (D:6)
  7 wights
  A howler monkey (D:6)
  2 electric eels
  4 crimson imps
  The ghost of topfpfpflanze the Magician, a weakling DEFE (D:5)
  4 centaur zombies
  7 jellies
  2 quasits
  A bullfrog zombie (D:7)
  2 hounds
  31 orc wizards
  5 centaur skeletons
  9 orc priests
  A bullfrog skeleton (D:10)
  Terence (D:3)
  Natasha (D:4)
  3 iguanas
  7 worker ants
  A centaur simulacrum (D:5)
  A hound skeleton (D:5)
  2 mummies (D:11)
  2 worker ant zombies (D:11)
  15 gnolls
  6 adders
  A hound simulacrum (D:5)
  7 shadow imps
  A white imp (D:5)
  A howler monkey simulacrum (D:5)
  A worker ant simulacrum (D:5)
  7 oozes
  3 adder zombies
  2 adder skeletons
  9 worms
  2 dart slugs
  4 leopard geckos
  88 orcs
  2 ball pythons
  4 giant cockroaches
  7 goblins
  7 hobgoblins
  12 jackals
  2 quokkas
  8 bats
  9 frilled lizards
  A giant cockroach simulacrum (D:5)
  20 kobolds
  A quokka skeleton (D:4)
  11 rats
  5 fungi
  3 plants
620 creatures vanquished.

Vanquished Creatures (others)
  Nessos (Orc:2)
  An orc warrior (Orc:2)
  A centaur (D:11)
  An orc wizard (Orc:2)
  2 orcs
  A bush (Lair:5)
  13 fungi
  18 plants
38 creatures vanquished.

Grand Total: 658 creatures vanquished

Notes
Turn   | Place    | Note
-------+----------+-------------------------------------------
     0 | D:1      | Ihlosi the Ogre Fighter began the quest for the Orb.
     0 | D:1      | Reached XP level 1. HP: 24/24 MP: 1/1
   212 | D:1      | Reached XP level 2. HP: 33/33 MP: 2/2
   714 | D:1      | Reached XP level 3. HP: 37/40 MP: 3/3
   962 | D:2      | Reached skill level 5 in Fighting
  1022 | D:2      | Reached XP level 4. HP: 19/50 MP: 4/4
  1322 | D:2      | Found a shattered altar of Ashenzari.
  1975 | D:3      | Reached XP level 5. HP: 54/59 MP: 5/5
  1979 | D:3      | Reached skill level 6 in Fighting
  2189 | D:3      | Noticed Terence
  2195 | D:3      | Killed Terence
  2352 | D:3      | Reached skill level 7 in Fighting
  2514 | D:3      | Reached XP level 6. HP: 50/71 MP: 6/6
  2647 | D:3      | Found a runed gate.
  2649 | D:3      | Found a runed gate.
  2649 | D:3      | Found a runed gate.
  2650 | D:3      | Noticed Mercurio's ghost (amateur KoAs)
  2661 | D:3      | Found a roughly hewn altar of Beogh.
  2944 | D:4      | Reached skill level 8 in Fighting
  2950 | D:4      | Found a basalt altar of Yredelemnul.
  3054 | D:4      | Reached XP level 7. HP: 16/81 MP: 7/7
  3504 | D:4      | Reached skill level 9 in Fighting
  3706 | D:4      | Found a radiant altar of Vehumet.
  3722 | D:4      | Noticed Edmund
  3732 | D:4      | Killed Edmund
  3982 | D:4      | Reached skill level 10 in Fighting
  4150 | D:4      | Noticed Natasha
  4155 | D:4      | Killed Natasha
  4155 | D:4      | Reached XP level 8. HP: 93/93 MP: 8/8
  4213 | D:5      | Entered Level 5 of the Dungeon
  4303 | D:5      | Identified the Disquisition on the Helpful Frostbite
  4855 | D:5      | Reached skill level 11 in Fighting
  4893 | D:5      | Reached skill level 5 in Maces & Flails
  4989 | D:5      | Found a runed gate.
  4989 | D:5      | Found a runed gate.
  4989 | D:5      | Found a runed gate.
  5043 | D:5      | Found a staircase to the Ecumenical Temple.
  5083 | D:5      | Found a shadowy altar of Dithmenos.
  5138 | D:5      | Noticed topfpfpflanze's ghost (weakling DEFE)
  5538 | D:6      | Found a hazy altar of Hepliaklqana.
  5689 | D:6      | Reached skill level 12 in Fighting
  5784 | D:6      | Reached XP level 9. HP: 61/106 MP: 9/9
  6374 | Temple   | Entered the Ecumenical Temple
  6543 | Temple   | Became a worshipper of Warmaster Okawaru
  6788 | D:6      | Reached skill level 1 in Invocations
  7011 | D:6      | Reached skill level 13 in Fighting
  7867 | D:7      | Found Yrushis's Distillery.
  7895 | D:7      | Bought a potion of heal wounds for 60 gold pieces
  7895 | D:7      | Bought a potion of berserk rage for 60 gold pieces
  7895 | D:7      | Bought a potion of lignification for 36 gold pieces
  7895 | D:7      | Bought a potion of mutation for 96 gold pieces
  7897 | D:7      | Gained mutation: Your muscles are strong. (Str +2) [potion
                  | of mutation]
  7897 | D:7      | Gained mutation: Your movements are slightly less
                  | encumbered by armour. (ER -2) [potion of mutation]
  8073 | D:7      | Found a shimmering altar of Xom.
  8288 | D:3      | Killed Mercurio's ghost
  8510 | D:5      | Killed topfpfpflanze's ghost
  8644 | D:9      | Reached * piety under Okawaru
  9219 | D:9      | Reached skill level 14 in Fighting
  9224 | D:9      | Noticed a hellwing
  9234 | D:9      | Noticed a hellwing
  9288 | D:10     | Entered Level 10 of the Dungeon
  9306 | D:10     | You fall through a shaft!
  9312 | D:11     | Reached skill level 1 in Spellcasting
  9313 | D:11     | Reached XP level 10. HP: 123/123 MP: 10/12
  9314 | D:11     | Reached ** piety under Okawaru
  9316 | D:11     | Found a labyrinth entrance.
  9328 | D:10     | Reached skill level 15 in Fighting
  9445 | Lab      | Entered a labyrinth
  9847 | Lab      | HP: 6/124 [poisoned by a redback]
  9852 | Lab      | HP: 5/124 [poisoned by a redback]
  9858 | Lab      | HP: 3/124 [poisoned by a redback]
  9866 | Lab      | HP: 4/124 [poisoned by a redback]
  9874 | Lab      | HP: 4/124 [poisoned by a redback]
 10392 | Lab      | Noticed a minotaur
 10407 | Lab      | Killed a minotaur
 10442 | Lab      | Got a pair of bloodstained boots
 10444 | Lab      | Identified the +2 pair of boots of Intuition {Str+4} (You
                  | found it in a labyrinth)
 10539 | D:11     | Noticed a manticore
 10570 | D:11     | Killed a manticore
 10570 | D:11     | Reached *** piety under Okawaru
 10571 | D:11     | Reached skill level 1 in Armour
 10574 | D:11     | Reached skill level 16 in Fighting
 10982 | D:9      | Reached **** piety under Okawaru
 10982 | D:9      | Received a gift from Okawaru
 10982 | D:9      | Reached XP level 11. HP: 135/135 MP: 17/17
 11642 | D:10     | Reached ***** piety under Okawaru
 11642 | D:10     | Reached skill level 5 in Armour
 12483 | D:11     | Found a staircase to the Lair.
 12577 | D:11     | Found a staircase to the Orcish Mines.
 12644 | D:11     | Reached skill level 1 in Evocations
 12707 | D:11     | Killed an unseen horror
 12779 | D:11     | Received a gift from Okawaru
 12780 | D:11     | Got a transparent troll leather armour {god gift}
 12972 | D:11     | Noticed Nergalle
 12982 | D:11     | Killed Nergalle
 13384 | Lair:1   | Entered Level 1 of the Lair of Beasts
 13425 | Lair:1   | Reached XP level 12. HP: 139/144 MP: 18/18
 13501 | Lair:1   | Reached skill level 17 in Fighting
 14680 | Lair:2   | Noticed a five-headed hydra
 14941 | Orc:1    | Entered Level 1 of the Orcish Mines
 16026 | Orc:2    | Entered Level 2 of the Orcish Mines
 16049 | Orc:1    | Received a gift from Okawaru
 16050 | Orc:1    | Got a scorched giant club {god gift}
 16067 | Orc:1    | Identified the +4 troll leather armour of Unreason {Regen+
                  | Str+2} (Okawaru gifted it to you on level 11 of the
                  | Dungeon)
 16092 | Orc:1    | Identified the +4 giant club "Qab Guobb" {vamp, *Slow rF+++
                  | MP+9 Stlth+} (Okawaru gifted it to you on level 1 of the
                  | Orcish Mines)
 16098 | Orc:2    | Noticed Nessos
 16317 | Orc:2    | Killed Nessos
 16653 | Orc:2    | Reached skill level 18 in Fighting
 16677 | Orc:2    | Found a staircase to the Elven Halls.
 16686 | Orc:2    | Noticed a sun demon
 17033 | Orc:2    | Paralysed by an orc sorcerer for 3 turns
 17392 | Orc:2    | Found Haddis's Magic Scroll Emporium.
 17415 | Orc:2    | Noticed an orc warlord
 17745 | Orc:2    | Reached XP level 13. HP: 158/158 MP: 19/19
 18802 | Lair:2   | Learned a level 2 spell: Blink
 18876 | Lair:2   | Received a gift from Okawaru
 19328 | Lair:2   | Reached skill level 10 in Armour
 19328 | Lair:2   | Reached XP level 14. HP: 169/169 MP: 20/20
 19408 | Lair:3   | Found a runed gate.
 19410 | Lair:3   | Found a runed gate.
 19431 | Lair:3   | Found a runed gate.
 19470 | Lair:3   | Found a staircase to the Snake Pit.
 20005 | Lair:3   | Reached skill level 1 in Translocations
 20061 | Lair:3   | Got a warped scale mail
 20471 | Lair:3   | Identified 2 scrolls of acquirement
 20472 | Lair:3   | Got a scintillating garnet amulet
 20557 | Lair:3   | Noticed Peloso's ghost (journeyman MiFi)
 20653 | Lair:3   | Identified the amulet "Qacrock" {+Rage Str+3 Int+3 SInv}
                  | (You acquired it on level 3 of the Lair of Beasts)
 20657 | Lair:3   | Got a slimy turquoise ring
 20659 | Lair:3   | Identified the ring "Omimp" {+Fly rF+ rC+} (You acquired it
                  | on level 3 of the Lair of Beasts)
 20729 | Lair:4   | Found a staircase to the Swamp.
 21379 | Lair:2   | Identified the +4 scale mail "Meinaqaph" {*Slow Dex+6
                  | Slay+5} (You found it on level 3 of the Lair of Beasts)
 21562 | Orc:2    | Bought a scroll of enchant armour for 112 gold pieces
 21562 | Orc:2    | Bought a scroll of brand weapon for 300 gold pieces
 21562 | Orc:2    | Bought a scroll of identify for 30 gold pieces
 21652 | Orc:2    | Found Feamyil's Distillery.
 21737 | Orc:2    | Found an ancient bone altar of Kikubaaqudgha.
 21744 | Orc:2    | Reached skill level 10 in Maces & Flails
 21778 | Orc:2    | Noticed Erolcha
 21786 | Orc:2    | Killed Erolcha
 21798 | Orc:2    | Found a radiant altar of Vehumet.
 21878 | Orc:2    | Found a roughly hewn altar of Beogh.
 21937 | Orc:2    | Killed an orc warlord
 21937 | Orc:2    | Reached skill level 19 in Fighting
 22225 | Orc:2    | Bought a potion of heal wounds for 85 gold pieces
 22225 | Orc:2    | Bought a potion of heal wounds for 85 gold pieces
 22225 | Orc:2    | Bought a potion of heal wounds for 85 gold pieces
 22253 | Orc:2    | Received a gift from Okawaru
 22275 | Orc:2    | Found Fiynukk's Book Shop.
 22286 | Orc:2    | Found Umehuqavugh's Antique Weapon Boutique.
 22298 | Orc:2    | Bought a crystal flail for 272 gold pieces
 22298 | Orc:2    | Identified the +9 flail of Valour {crush, MR- Int+4 Dex+3}
                  | (You bought it in a shop on level 2 of the Orcish Mines)
 22345 | Orc:2    | Found Ufumutin's Antique Weapon Boutique.
 23409 | Lair:4   | Reached XP level 15. HP: 167/180 MP: 21/21
 24912 | Lair:6   | Entered Level 6 of the Lair of Beasts
 25575 | Lair:6   | Received a gift from Okawaru
 25916 | Lair:6   | Found a burning altar of Makhleb.
 25976 | Lair:6   | Found a staircase to the Slime Pits.
 25977 | Lair:6   | Blown up by an eye of devastation

Skill      XL: |  1  2  3  4  5  6  7  8  9 10 11 12 13 14 15 |
---------------+----------------------------------------------+-----
Dodging        | 3 |  3.0
Maces & Flails | 2 3 4 5 6 7 8 9 11 12 | 12.7
Shields        | 3 |  3.0
Fighting       | 5 7 8 10 12 14 16 18 19 | 19.0
Invocations    | 2 4 |  4.0
Spellcasting   | 1 4 |  4.0
Armour         | 3 6 8 10 11 12 | 12.2
Evocations     | 1 3 |  3.0
Translocations | 3 |  3.0

Action                   |  1- 3 |  4- 6 |  7- 9 | 10-12 | 13-15 || total
-------------------------+-------+-------+-------+-------+-------++-------
Melee: Flail             |   124 |   135 |       |       |       ||   259
       Mace              |       |    78 |    66 |       |    55 ||   199
       War axe           |       |       |   283 |   724 |   264 ||  1271
       Giant spiked club |       |       |       |       |   426 ||   426
Invok: Finesse           |       |       |       |     1 |     5 ||     6
Evoke: Wand              |       |       |       |     2 |     7 ||     9
       Lamp of fire      |       |       |       |       |     1 ||     1
  Use: Scroll            |       |     3 |     4 |    10 |    28 ||    45
       Potion            |       |     1 |     4 |     9 |     8 ||    22
 Stab: Sleeping          |     1 |       |       |       |       ||     1
       Petrified         |       |       |       |       |     4 ||     4
  Eat: Chunk             |     1 |     6 |    13 |    20 |    15 ||    55
       Ration            |       |       |     3 |     3 |     3 ||     9
Armor: Robe              |    27 |    52 |    73 |     1 |       ||   153
       Gold dragon scale |       |       |       |   435 |   738 ||  1173
       Skin              |       |       |       |     8 |       ||     8
Dodge: Dodged            |    39 |    41 |    70 |    16 |   151 ||   317
Block: Shield            |    87 |   128 |       |       |       ||   215
       Reflection        |       |     8 |     6 |    32 |     9 ||    55
       Large shield      |       |    23 |   346 |   842 |   377 ||  1588
       Other             |       |       |       |       |   101 ||   101
